 Dungeon Crawl Stone Soup version 0.30-a0-972-gf3ab3527aa (webtiles) character file.

Game seed: 11156306725125923038

691 Shadow1503 the Firebug (level 7, -10/57 HPs)
             Began as a Green Draconian Fire Elementalist on Apr 1, 2023.
             Was an Initiate of Vehumet.
             Mangled by a shadow (26 damage)
             ... on level 6 of the Dungeon.
             The game lasted 00:35:10 (7965 turns).

Shadow1503 the Firebug (DrFE)                       Turns: 7965, Time: 00:35:12

Health: -10/57     AC:  6    Str: 10    XL:     7   Next: 36%
Magic:  13/13      EV: 12    Int: 18    God:    Vehumet [......]
Gold:   465        SH:  0    Dex: 11    Spells: 11/14 levels left

rFire   . . .      SeeInvis .    n - +2 short sword (speed)
rCold   . . .      Faith    .    (no shield)
rNeg    . . .      Spirit   .    (body armour unavailable)
rPois   +          Reflect  .    (helmet restricted)
rElec   .          Rampage  .    v - scarf {+Inv}
rCorr   .                        (no gloves)
Will    .....                    (no boots)
Stlth   ++                       (no amulet)
HPRegen 0.29/turn                h - ring of poison resistance
MPRegen 0.13/turn                (no ring)

@: no status effects
A: breathe noxious fumes, AC +6, unfitting armour, poison resistance,
cold-blooded
a: Breathe Noxious Fumes, Renounce Religion, Evoke Invisibility


You were on level 6 of the Dungeon.
You worshipped Vehumet.
Vehumet was noncommittal.
You visited 2 branches of the dungeon, and saw 7 of its levels.

You collected 465 gold pieces.

Inventory:

Hand Weapons
 d - the +4 flail "Orb Guardian's Peril" {venom, Str+2}
   (You found it on level 4 of the Dungeon)

   Str:       It affects your strength (+2).
 n - a +2 short sword of speed (weapon)
Missiles
 p - 12 stones
Armour
 v - a scarf of invisibility (worn)
Magical Staves
 q - a staff of air
Jewellery
 h - a ring of poison resistance (left hand)
Wands
 f - a wand of polymorph (13)
Scrolls
 l - 3 scrolls of identify
 u - a scroll of magic mapping
 w - a scroll of vulnerability {unknown}
Potions
 a - 2 potions of magic
 b - 3 potions of flight
 c - a potion of invisibility
 g - a potion of attraction {unknown}
 i - a potion of ambrosia
 j - 2 potions of resistance {unknown}
 k - a potion of cancellation {unknown}
 m - a potion of haste {unknown}
 o - 4 potions of might
 r - 3 potions of curing {unknown}
 s - a potion of lignification {unknown}
 t - a potion of heal wounds {unknown}


   Skills:
 * Level 3.0 Fighting
 * Level 3.2 Dodging
 - Level 3.0 Stealth
 + Level 4.0 Spellcasting
 * Level 3.0 Conjurations
 * Level 5.1 Fire Magic


You had 11 spell levels left.
You knew the following spells:

 Your Spells              Type           Power      Damage    Failure   Level
a - Foxfire               Conj/Fire      72%        2x1d4     2%          1
b - Scorch                Fire           42%        2d7       2%          2

Your spell library contained the following spells:

 Spells                   Type           Power      Damage    Failure   Level
 Inner Flame              Hex/Fire       12%        N/A       16%         3
 Kindle Blastsparks       Fire/Tloc/Air  18%        2d11      22%         3
 Flame Wave               Conj/Fire      18%        2d7       28%         4
 Vhi's Electric Charge    Tloc/Air       6%         N/A       41%         3
 Arcjolt                  Conj/Air       4%         1d14      91%         5
 Malign Gateway           Summ/Tloc      1%         N/A       100%        7
 Maxwell's Capacitive Co  Air            1%         ∞         100%        8
 Summon Horrible Things   Summ           1%         N/A       100%        8


Dungeon Overview and Level Annotations

Branches:
Dungeon (6/15)             Temple (1/1) D:4

Altars:
Ashenzari
Elyvilon
Fedhas
Gozag
Hepliaklqana
Kikubaaqudgha
Makhleb
Nemelex Xobeh
Qazlal
Ru
Trog
Uskayaw
Vehumet
Wu Jian
Xom
Yredelemnul
Zin
The Shining One

Shops:
D:1 =   D:4 ?   D:6 *

Annotations:
D:2 exclusions: ball python and endoplasm, Sigmund
D:3 exclusion: orc priest
D:4 Edmund
D:6 exclusion: shadow


Innate Abilities, Weirdness & Mutations

You can breathe blasts of noxious fumes.
Your lurid green scales are hard. (AC +6)
You cannot fit into any form of body armour.
Your system is resistant to poisons. (rPois)
You are cold-blooded and may be slowed by cold attacks.


Message History

The orc wizard hits you with a +0 dagger.
Something hits you.
Deactivating autopickup; reactivate with Ctrl-A.
You see here a +0 falchion.
The orc wizard attacks as you move away!
The orc wizard hits you with a +0 dagger.
Something hits you. Something hits you but does no damage.
The orc wizard casts a spell.
The orc wizard flickers and vanishes!
Something hits you but does no damage. The orc hits you with a +0 short sword.
The shadow strikes at you from the darkness!
* * * LOW HITPOINT WARNING * * *
Reactivating autopickup.
The shadow attacks as you move away! The shadow closely misses you.
The orc attacks as you move away! The orc misses you.
You are confused.
You feel invigorated. The shadow closely misses you. The orc misses you.
You bump into the stone wall.
The shadow misses you.
You closely miss the shadow.
Your tail-slap misses the shadow.
The shadow hits you. The orc barely misses you.
Something hits you but does no damage.
Deactivating autopickup; reactivate with Ctrl-A.
The orc hits you with a +0 short sword.
You are too confused!
You're too confused to move!
The shadow hits you. The orc closely misses you. The orc barely misses you.
The orc hits you with a +0 whip.
You bump into the stone wall.
You feel less invigorated.
You feel less confused.
The shadow slips into darkness.
The shadow flickers and vanishes!
The orc misses you.
You hear some strange, mumbled words.
As you read the scroll labelled XUNGIMO VATETITY, it crumbles to dust.
Your body is wracked with pain!
* * * LOW HITPOINT WARNING * * *
The orc convulses! x2; Something is bathed in an unholy light! x2
It was a scroll of torment.
The shadow strikes at you from the darkness!
You die...

#.............#....#
#.............#....#
#.......>.....#...##
##.............#....#
.#.............#....#
.'.............#o{..#
.#.............#o..## ####
.###'#.........#{o.##.....
.##..#.........#@.........
.##..#.........#..........
.'...#.........#...##.....
.#...#.........#..)# .....
.##..#.........#.... ....
.###+#.........#..... ...
..# #.........#...##( ...
..# #.........#...# ## .##
#......)..#....


You could see 3 orcs.

Vanquished Creatures
  A black bear (D:5)
  A phantom (D:5)
  A scorpion (D:6)
  2 hounds
  An orc priest (D:3)
  A sleepcap (D:4)
  An iguana (D:4)
  Ijyb (D:4)
  Natasha (thrice) (D:4)
  An orc wizard (D:5)
  5 adders
  2 ufetubi
  4 worms (D:2)
  A dart slug (D:3)
  21 orcs
  9 endoplasms
  4 giant cockroaches
  13 goblins
  6 hobgoblins
  8 quokkas
  14 ball pythons
  4 bats
  5 frilled lizards
  9 kobolds
  2 rats (D:3)
120 creatures vanquished.

Vanquished Creatures (others)
  104 foxfires
104 creatures vanquished.

Grand Total: 224 creatures vanquished

Notes
Turn   | Place    | Note
-------+----------+-------------------------------------------
     0 | D:1      | Shadow1503 the Draconian Fire Elementalist began the quest
                  | for the Orb.
     0 | D:1      | Reached XP level 1. HP: 14/14 MP: 3/3
   153 | D:1      | Found Jaeschis's Jewellery Shop.
   165 | D:1      | Reached XP level 2. HP: 16/20 MP: 0/5
   314 | D:1      | You fall into a shaft and drop 1 floor!
   656 | D:2      | Noticed Sigmund
  1059 | D:1      | Learned a level 2 spell: Scorch
  1062 | D:1      | Reached XP level 3. HP: 26/26 MP: 1/6
  1976 | D:2      | Reached XP level 4. HP: 34/34 MP: 2/7
  3598 | D:3      | Reached skill level 1 in Fighting
  3729 | D:3      | HP: 1/35 [orc priest/+0 trident (5)]
  3731 | D:3      | Reached XP level 5. HP: 1/40 MP: 0/9
  3925 | D:3      | Reached skill level 4 in Fire Magic
  4637 | D:4      | Found Ycaune Xeni's Magic Scroll Emporium.
  4736 | D:4      | Found a staircase to the Ecumenical Temple.
  4743 | D:4      | Noticed Natasha
  4745 | Temple   | Entered the Ecumenical Temple
  4930 | Temple   | Became a worshipper of Vehumet
  4953 | D:4      | Killed Natasha
  4997 | D:4      | Identified the +4 flail "Orb Guardian's Peril" {venom,
                  | Str+2}
  5001 | D:4      | Noticed Edmund
  5090 | D:4      | Noticed Ijyb
  5095 | D:4      | Killed Ijyb
  5516 | D:4      | Noticed Natasha
  5521 | D:4      | Killed Natasha
  5522 | D:4      | Reached XP level 6. HP: 45/48 MP: 5/10
  5715 | D:4      | Noticed Natasha
  5718 | D:4      | Killed Natasha
  5760 | D:5      | Entered Level 5 of the Dungeon
  6098 | D:5      | Found a stormy altar of Qazlal.
  6920 | D:5      | Your scales start taking on a lurid green colour.
  6920 | D:5      | Reached XP level 7. HP: 46/56 MP: 3/13
  6920 | D:5      | Gained mutation: Your system is resistant to poisons.
                  | (rPois) [Green Draconian growth]
  7120 | D:5      | Found a stormy altar of Qazlal.
  7603 | D:6      | Noticed a shadow
  7686 | D:6      | Found Iteyk's Assorted Antiques.
  7828 | D:6      | Reached skill level 5 in Fire Magic
  7965 | D:6      | Mangled by a shadow

Illustrated notes

Levels and vault maps discovered:
D:1:      scummos_arrival_star, layout_loops_ring, serial_shops, shop_coins
D:2:      minmay_thinvault, layout_basic, serial_rivers,
          chequers_serial_rivers_micro_b, chequers_serial_rivers_small_b,
          chequers_serial_rivers_small_3, chequers_serial_rivers_large_a,
          chequers_serial_rivers_micro_c, uniq_sigmund
D:3:      kennysheep_six_static_rooms, layout_basic
D:4:      layout_basic, minmay_temple_entry_grid, serial_shops,
          nicolae_shop_hallway_stairs, uniq_ijyb, uniq_edmund, uniq_natasha
D:5:      layout_basic, mainiacjoe_overflow_tiny_flanked
D:6:      layout_gridville, serial_shops, shop
Temple:   nicolae_temple_bog_church

Skill      XL: |  1  2  3  4  5  6  7 |
---------------+----------------------+-----
Stealth        | 2 3 |  3.0
Dodging        | 2 3 |  3.2
Conjurations   | 2 3 |  3.0
Fighting       | 1 2 3 |  3.0
Fire Magic     | 4 5 |  5.1
Spellcasting   | 3 4 |  4.0

Action                     |  1- 3 |  4- 6 |  7- 9 || total
---------------------------+-------+-------+-------++-------
  Melee: Unarmed           |     1 |     1 |       ||     2
         Short sword       |       |   137 |    10 ||   147
         Tailslap          |       |    15 |     1 ||    16
         Punch             |       |     1 |       ||     1
   Cast: Foxfire           |    51 |    10 |       ||    61
         Scorch            |    18 |    67 |     9 ||    94
    Use: Scroll            |       |     9 |     1 ||    10
         Potion            |       |       |     1 ||     1
   Stab: Sleeping          |       |     5 |       ||     5
 Armour: Skin              |     8 |    29 |    16 ||    53
  Dodge: Dodged            |    16 |    76 |    22 ||   114

Table legend: (Time is in decaauts)
 A = Elapsed time spent in this place.
 B = Non-inter-level travel time spent in this place.
 C = Inter-level travel time spent in this place.
 D = Time resting spent in this place.
 E = Time spent auto-exploring this place.
 F = Levels seen in this place.
 G = Mean time per level.
                   A        B        C        D        E       F      G
               +--------+--------+--------+--------+--------+-----+--------+
         Total |   7960 |   7670 |    290 |   2041 |   3803 |   7 | 1137.1 |
       Dungeon |   7750 |   7460 |    290 |   2041 |   3659 |   6 | 1291.7 |
        Temple |    209 |    209 |      0 |      0 |    144 |   1 |  209.0 |
               +--------+--------+--------+--------+--------+-----+--------+

Top non-repeatable levels by time:
     D:2: 2652 daAuts
     D:5: 1678 daAuts
     D:4: 1103 daAuts
     D:1: 1042 daAuts
     D:3: 916 daAuts
     D:6: 357 daAuts
  Temple: 209 daAuts
